 Dungeon Sprint DCSS version 0.19-b1-4-gd8a0a2a (webtiles) character file.

886 LORDOFBUTT the Blocker (level 8, -12/69 HPs)
             Began as a Formicid Fighter on Oct 31, 2016.
             Shot with an arrow by a centaur warrior (15 damage)
             ... in the Dungeon (Sprint II: "The Violet Keep of Menkaure").
             The game lasted 00:02:20 (575 turns).

LORDOFBUTT the Blocker (Formicid Fighter)            Turns: 575, Time: 00:02:21

Health: -12/69     AC:  0    Str: 23    XL:     8   Next: 26%
Magic:  8/8        EV: 13    Int:  8    God:
Gold:   384        SH:  0    Dex: 10    Spells: 0 memorised, 7 levels left

rFire  . . .     SeeInvis .     (weapon currently unavailable)
rCold  . . .     Gourm    .     (armour currently unavailable)
rNeg   . . .     Faith    .     (shield currently unavailable)
rPois  .         Spirit   .     (helmet unavailable)
rElec  .         Reflect  .     (cloak currently unavailable)
rCorr  .         Harm     .     (gloves currently unavailable)
MR     .....                    (boots currently unavailable)
Stlth  +.........               (no amulet)
                                (ring currently unavailable)
                                (ring currently unavailable)

@: pig-form, very quick
A: permanent stasis, dig shafts and tunnels, four strong arms, (antennae 0)
a: no special abilities


You were in the Dungeon.
You were not hungry.
You were a filthy swine.
You visited 1 branch You collected 972 gold pieces.
You spent 588 gold pieces at shops.

Inventory:

Hand Weapons
 a - a +0 war axe (melded)
Armour
 b - a +0 scale mail
 c - a +0 shield (melded)
 e - a +2 cloak of magic resistance (melded)
 l - a +2 chain mail of poison resistance (melded)
Scrolls
 k - a scroll of blinking
Potions
 d - a potion of might
 h - a potion of haste
 i - 2 potions of magic
 j - a potion of berserk rage
Comestibles
 f - a bread ration


   Skills:
 - Level 8.4 Fighting
 + Level 9.8 Axes
 - Level 8.4 Armour
 + Level 12.3 Shields


You had 7 spell levels left.
You didn't know any spells.

Dungeon Overview and Level Annotations

Branches:
Dungeon (1/1)

Altars:
Cheibriados
Hepliaklqana
Beogh

Shops:
D =(:!?*:=%:(}([![

Annotations:
D exclusions: oklob plant and orange crystal statue, Kirke


Innate Abilities, Weirdness & Mutations

You are under a permanent stasis effect.
You can dig through walls and to a lower floor.
Your four strong arms can wield two-handed weapons with a shield.
((You have a pair of large antennae on your head. (SInv)))


Message History

The centaur warrior shoots an arrow.
The arrow hits you!!
* * * LOW HITPOINT WARNING * * *
You see here an arrow.
There is an open door, spattered with blood here.
Kirke points at you and mumbles some strange words.
You feel a momentary urge to oink.
The centaur warrior shoots an arrow.
The arrow hits you!
* * * LOW HITPOINT WARNING * * *
You see here an arrow.
A kobold demonologist comes into view. It is wielding an enchanted dagger.
There is an open door here.
You enter the shallow water.
Moving in this stuff is going to be slow.
An elephant comes into view.
The elephant trumpets!
The soldier ant waves its antennae.
Unknown command.
Really walk into a travel-excluded area?
The centaur warrior shoots an arrow.
The arrow hits you!
You die...

############≈≈#''§#+++##
###########≈≈≈....(....# {
##........#≈≈≈≈.##'##..#{
##...⌠....#≈≈≈≈##...##.####
##..∩.∩...#≈≈≈≈#..#c.#....#
##.∩.∩.∩..#KY####.#.####@.#
##∩.∩.∩.∩.#≈##.###(###.##..
##.∩...∩.∩#≈#†####c##@.##..
##∩.....∩.h≈'##.'(<.@##.'..
##.......∩#≈#(.c##.##..##..
#▓▓▓▓▓▓▓###≈##.###'###.##..
##[aa######≈≈####...####≈≈.
#).a#G. ##≈≈≈#.)#..#≈≈≈≈≈
#∩Pl+$$# +#≈##...##≈≈≈≈§
#!.$#$##. { ≈≈##'##≈≈≈≈§§
#?!.###§§{ #≈≈≈≈≈≈≈≈≈≈≈§
#+++#+++#§≈§§


You could see an elephant, an oklob plant, a centaur warrior, a kobold
demonologist and 3 soldier ants.

Vanquished Creatures
  A siren (D)
  Menkaure (D)
  4 necrophages (D)
  4 worker ants (D)
  3 worms (D)
13 creatures vanquished.

Vanquished Creatures (others)
  A crocodile (D)
1 creature vanquished.

Grand Total: 14 creatures vanquished

Notes
Turn   | Place    | Note
-------+----------+-------------------------------------------
     0 | D        | LORDOFBUTT the Formicid Fighter began the quest for the Orb.
     0 | D        | Reached XP level 1. HP: 18/18 MP: 1/1
     1 | D        | Noticed a siren
    20 | D        | Killed a siren
    20 | D        | Reached skill level 5 in Axes
    20 | D        | Reached skill level 8 in Shields
    20 | D        | Reached XP level 2. HP: 26/33 MP: 2/2
    20 | D        | Reached XP level 3. HP: 30/38 MP: 3/3
    20 | D        | Reached XP level 4. HP: 36/45 MP: 4/4
    20 | D        | Reached XP level 5. HP: 41/51 MP: 5/5
    20 | D        | Reached XP level 6. HP: 46/57 MP: 6/6
   144 | D        | Noticed a necrophage
   144 | D        | Noticed a necrophage
   144 | D        | Noticed a necrophage
   144 | D        | Noticed a necrophage
   151 | D        | Killed a necrophage
   151 | D        | Reached skill level 9 in Shields
   151 | D        | Reached XP level 7. HP: 63/63 MP: 7/7
   159 | D        | Reached skill level 10 in Shields
   182 | D        | Reached skill level 11 in Shields
   383 | D        | Noticed an ice statue
   407 | D        | Reached XP level 8. HP: 69/69 MP: 8/8
   432 | D        | Found Ihin's Distillery.
   432 | D        | Found Funesuog's Antique Weapon Shop.
   432 | D        | Found Nafeid's Book Boutique.
   432 | D        | Found Qaceheoli's Antique Weapon Boutique.
   432 | D        | Found Zamadojy's Food Shop.
   433 | D        | Found Cykheam's Antique Armour Shop.
   433 | D        | Found Jucwetoch's Gadget Shop.
   433 | D        | Found Louremid's Jewellery Shop.
   438 | D        | Reached skill level 12 in Shields
   455 | D        | Noticed an orange crystal statue
   457 | D        | Noticed Menkaure
   461 | D        | Killed Menkaure
   463 | D        | Found Boliloo's Antique Armour Boutique.
   467 | D        | Found Meqyiq's Book Shop.
   467 | D        | Found Jeafruph's General Store.
   474 | D        | Found Imun's Magic Scroll Shop.
   474 | D        | Found Hyciux's Distillery.
   474 | D        | Noticed an oklob plant
   475 | D        | Found Oxeak's Antique Weapon Shop.
   475 | D        | Found Nedatael's Jewellery Boutique.
   475 | D        | Found Pontamue's Book Shoppe.
   476 | D        | Noticed a wyvern
   477 | D        | Noticed a wyvern
   484 | D        | Noticed a great orb of eyes
   514 | D        | Bought a runed cloak for 294 gold pieces
   514 | D        | Bought a glowing chain mail for 294 gold pieces
   540 | D        | Noticed Kirke
   540 | D        | Noticed a skeletal warrior
   541 | D        | Noticed a centaur warrior
   542 | D        | Noticed a yaktaur captain
   554 | D        | Found a roughly hewn altar of Beogh.
   555 | D        | Found a hazy altar of Hepliaklqana.
   555 | D        | Found a snail-covered altar of Cheibriados.
   572 | D        | HP: 3/69 [centaur warrior/arrow (16)]
   573 | D        | Noticed a kobold demonologist
   574 | D        | Noticed an elephant
   575 | D        | Shot with an arrow by a centaur warrior

Skill      XL: |  1  2  3  4  5  6  7  8 |
---------------+-------------------------+-----
Fighting       | 8 |  8.4
Axes           | 5 7 9 |  9.8
Armour         | 8 |  8.4
Shields        | 8 9 11 12 | 12.3

Action                   |  1- 3 |  4- 6 |  7- 9 || total
-------------------------+-------+-------+-------++-------
Melee: War axe           |    17 |    13 |    60 ||    90
  Use: Potion            |       |       |     2 ||     2
Armor: Scale mail        |       |     5 |    13 ||    18
Dodge: Dodged            |     1 |     3 |     9 ||    13
Block: Shield            |     1 |     4 |    26 ||    31
